 Dungeon Crawl Stone Soup version 0.28-a0-312-gbced6e68ee (webtiles) character file.

Game seed: 8868844150374337894

817 FTG82 the Magician (level 7, -4/50 (51) HPs)
             Began as a Gnoll Wanderer on Aug 30, 2021.
             Slain by a wight (10 damage)
             ... on level 4 of the Dungeon.
             The game lasted 00:37:16 (4910 turns).

FTG82 the Magician (Gnoll Wanderer)                 Turns: 4910, Time: 00:37:17

HP:   -4/50 (51)    AC:  4    Str: 12    XL:     7   Next: 94%
MP:   18/18         EV: 12    Int: 12    God:
Gold: 97            SH:  0    Dex: 12    Spells: 9/21 levels left

rFire   . . .      SeeInvis .   a - +4 dagger
rCold   . . .      Faith    .   (no shield)
rNeg    . . .      Spirit   .   c - +0 robe
rPois   .          Reflect  .   (no helmet)
rElec   .          Harm     .   m - +0 cloak
rCorr   .          Rampage  .   i - +0 pair of gloves
Will    .....                   (no boots)
Stlth   +.........              (no amulet)
HPRegen 0.16/turn               (no ring)
MPRegen 0.16/turn               (no ring)

@: silenced, lightly drained
A: fangs 1, strong nose, distributed training
a: no special abilities


You were on level 4 of the Dungeon.
You visited 1 branch of the dungeon, and saw 4 of its levels.

You collected 97 gold pieces.

Inventory:

Hand Weapons
 a - a +4 dagger (weapon)
Missiles
 d - a throwing net
 f - 28 bolts
 g - 53 sling bullets
 h - 48 stones (quivered)
 j - 37 arrows
 q - a curare-tipped dart
Armour
 c - a +0 robe (worn)
 i - a +0 pair of gloves (worn)
 m - a +0 cloak (worn)
Scrolls
 n - a scroll of magic mapping
Potions
 b - a potion of lignification
 e - 2 potions of magic
 l - a potion of mutation {unknown}
 o - a potion of berserk rage {unknown}
 p - a potion of attraction {unknown}


   Skills:
 + Level 2.8 Fighting
 + Level 2.8 Short Blades
 + Level 2.8 Long Blades
 + Level 2.8 Axes
 + Level 2.8 Maces & Flails
 + Level 2.8 Polearms
 + Level 2.8 Staves
 + Level 2.8 Slings
 + Level 2.8 Bows
 + Level 2.8 Crossbows
 + Level 3.8 Throwing
 + Level 2.8 Armour
 + Level 2.8 Dodging
 + Level 3.7 Stealth
 + Level 2.8 Shields
 + Level 2.8 Unarmed Combat
 + Level 7.7 Spellcasting
 + Level 3.1 Conjurations
 + Level 5.9 Hexes
 + Level 2.2 Summonings
 + Level 2.2 Necromancy
 + Level 2.2 Translocations
 + Level 2.2 Transmutations
 + Level 2.2 Fire Magic
 + Level 2.2 Ice Magic
 + Level 3.1 Air Magic
 + Level 2.2 Earth Magic
 + Level 2.2 Poison Magic
 + Level 3.1 Invocations
 + Level 2.8 Evocations


You had 9 spell levels left.
You knew the following spells:

 Your Spells              Type           Power      Damage    Failure   Level
a - Foxfire               Conj/Fire      44%        2x1d6     4%          1
b - Pain                  Necr           40%        1d6       6%          1
c - Inner Flame           Hex/Fire       14%        N/A       9%          3
d - Vampiric Draining     Necr           5%         2d6       19%         3
e - Cause Fear            Hex            9%         N/A       13%         4

Your spell library contained the following spells:

 Spells                   Type           Power      Damage    Failure   Level
 Dragon Form              Tmut           5%         N/A       100%        7
 Dragon's Call            Summ           5%         N/A       100%        9


Dungeon Overview and Level Annotations

Branches:
Dungeon (4/15)
 Temple: D:4-7

Altars:
Kikubaaqudgha
Wu Jian


Innate Abilities, Weirdness & Mutations

You have very sharp teeth.
Your uncanny sense of smell can sniff out nearby items.
Your experience applies equally to all skills.


Message History

Things that are here:
a +0 club; a necrophage corpse
There is a stone staircase leading down here.
You see here a +0 dagger.
There is an escape hatch in the ceiling here.
The wight hits you but does no damage. A mysterious force pulls you upwards.
The hatch slams shut behind you.
There is a stone staircase leading down here.
You can't go up here!
The wight hits you with a +0 great sword.
You climb downwards.
There is a stone staircase leading up here.
The wight misses you.
You climb upwards.
There is a stone staircase leading down here.
As you read the scroll labelled JEKHUCL LIOXZY, it crumbles to dust.
You feel momentarily disoriented.
It was a scroll of magic mapping.
The wight misses you.
As you read the scroll labelled BUSMOU PIOSAR, it crumbles to dust.
A profound silence engulfs you.
It was a scroll of silence.
The wight closely misses you.
You can't go up here!
The wight closely misses you.
You climb downwards.
There is a stone staircase leading up here.
You barely miss the wight. The wight barely misses you.
You closely miss the wight. The wight closely misses you.
You hit the wight.
The wight is moderately damaged.
You hit the wight but do no damage.
The wight is moderately damaged.
The wight misses you.
You closely miss the wight.
The wight is moderately damaged.
The wight hits you with a +0 great sword!
* * * LOW HITPOINT WARNING * * *
You hit the wight but do no damage.
The wight is moderately damaged.
The wight hits you with a +0 great sword!
You die...

### #@#
#z# #.#
#.#
##.#######
#........#
#........#
#........#
#.
#........#
#.#


You could see a wight.

Vanquished Creatures
  Sigmund (D:2)
  A necrophage (D:4)
  An ogre (D:4)
  A howler monkey (D:4)
  2 bullfrog zombies (D:4)
  A human zombie (D:4)
  A bullfrog skeleton (D:4)
  Jessica (D:3)
  Terence (D:2)
  Natasha (thrice) (D:2)
  A hound zombie (D:4)
  A mummy (D:4)
  6 adders
  7 gnolls (D:3)
  4 worms (D:2)
  A dart slug (D:2)
  An orc (D:4)
  2 endoplasms
  5 giant cockroaches
  12 goblins
  8 hobgoblins
  2 quokkas
  7 ball pythons
  2 bats
  2 frilled lizards (D:1)
  5 kobolds
  4 rats
83 creatures vanquished.

Vanquished Creatures (collateral kills)
  2 foxfires (D:1)
2 creatures vanquished.

Vanquished Creatures (others)
  410 foxfires
  A plant (D:1)
411 creatures vanquished.

Grand Total: 496 creatures vanquished

Notes
Turn   | Place    | Note
-------+----------+-------------------------------------------
     0 | D:1      | FTG82 the Gnoll Wanderer began the quest for the Orb.
     0 | D:1      | FTG82 set off with the following items: a +2 dagger, 3
                  | curare-tipped darts, a +0 robe; and the following spells
                  | available to memorise: Foxfire, Pain, Inner Flame, Vampiric
                  | Draining
     0 | D:1      | Reached XP level 1. HP: 13/13 MP: 8/8
     4 | D:1      | Learned a level 1 spell: Foxfire
     6 | D:1      | Learned a level 1 spell: Pain
   297 | D:1      | Found Axeso's Magic Scroll Shop.
   377 | D:1      | Reached XP level 2. HP: 19/19 MP: 10/10
   727 | D:1      | Reached XP level 3. HP: 25/25 MP: 8/11
   841 | D:2      | Noticed Natasha
   847 | D:2      | Killed Natasha
   848 | D:2      | Reached skill level 1 in Invocations
   892 | D:2      | Reached skill level 1 in Fighting
   892 | D:2      | Reached skill level 1 in Short Blades
   892 | D:2      | Reached skill level 1 in Long Blades
   892 | D:2      | Reached skill level 1 in Axes
   892 | D:2      | Reached skill level 1 in Maces & Flails
   892 | D:2      | Reached skill level 1 in Polearms
   892 | D:2      | Reached skill level 1 in Staves
   892 | D:2      | Reached skill level 1 in Slings
   892 | D:2      | Reached skill level 1 in Bows
   892 | D:2      | Reached skill level 1 in Crossbows
   892 | D:2      | Reached skill level 1 in Armour
   892 | D:2      | Reached skill level 1 in Dodging
   892 | D:2      | Reached skill level 1 in Shields
   892 | D:2      | Reached skill level 1 in Unarmed Combat
   892 | D:2      | Reached skill level 1 in Evocations
  1070 | D:2      | Learned a level 3 spell: Inner Flame
  1074 | D:2      | Learned a level 3 spell: Vampiric Draining
  1087 | D:2      | Reached XP level 4. HP: 30/32 MP: 0/13
  1232 | D:2      | Noticed Terence
  1249 | D:2      | Killed Terence
  1392 | D:2      | Learned a level 4 spell: Cause Fear
  1402 | D:2      | Reached skill level 1 in Summonings
  1402 | D:2      | Reached skill level 1 in Necromancy
  1402 | D:2      | Reached skill level 1 in Translocations
  1402 | D:2      | Reached skill level 1 in Transmutations
  1402 | D:2      | Reached skill level 1 in Fire Magic
  1402 | D:2      | Reached skill level 1 in Ice Magic
  1402 | D:2      | Reached skill level 1 in Earth Magic
  1402 | D:2      | Reached skill level 1 in Poison Magic
  1503 | D:2      | Noticed Natasha
  1509 | D:2      | Killed Natasha
  1510 | D:2      | Reached XP level 5. HP: 30/37 MP: 0/14
  1747 | D:2      | Noticed Natasha
  1753 | D:2      | Killed Natasha
  1875 | D:2      | Noticed Sigmund
  2091 | D:3      | Noticed Jessica
  2097 | D:3      | Killed Jessica
  2757 | D:3      | Found a faded altar of an unknown god.
  2901 | D:3      | Reached XP level 6. HP: 39/44 MP: 6/16
  3467 | D:2      | Killed Sigmund
  3641 | D:3      | Reached XP level 7. HP: 33/50 MP: 5/18
  3984 | D:4      | Found an ornate altar of the Wu Jian Council.
  4554 | D:4      | Found an ancient bone altar of Kikubaaqudgha.
  4910 | D:4      | Slain by a wight

Illustrated notes

Levels and vault maps discovered:
D:1:      saegor_arrival_miasma, layout_basic, serial_shops,
          nicolae_lakefront_shop, serial_bayou_lagoon_a, minmay_pentomino_s4
D:2:      layout_basic, minmay_misc_feat_chi, uniq_sigmund, uniq_terence,
          uniq_natasha
D:3:      layout_rooms, shapermc_ecumenical_altar_petra, uniq_jessica
D:4:      layout_basic, mainiacjoe_overflow_paths,
          lemuel_mausoleum_altar_kikubaaqudgha

Skill      XL: |  1  2  3  4  5  6  7 |
---------------+----------------------+-----
Conjurations   | 2 3 |  3.1
Air Magic      | 2 3 |  3.1
Invocations    | 1 2 3 |  3.1
Fighting       | 1 2 |  2.8
Short Blades   | 1 2 |  2.8
Long Blades    | 1 2 |  2.8
Axes           | 1 2 |  2.8
Maces & Flails | 1 2 |  2.8
Polearms       | 1 2 |  2.8
Staves         | 1 2 |  2.8
Slings         | 1 2 |  2.8
Bows           | 1 2 |  2.8
Crossbows      | 1 2 |  2.8
Armour         | 1 2 |  2.8
Dodging        | 1 2 |  2.8
Shields        | 1 2 |  2.8
Unarmed Combat | 1 2 |  2.8
Evocations     | 1 2 |  2.8
Summonings     | 1 2 |  2.2
Necromancy     | 1 2 |  2.2
Translocations | 1 2 |  2.2
Transmutations | 1 2 |  2.2
Fire Magic     | 1 2 |  2.2
Ice Magic      | 1 2 |  2.2
Earth Magic    | 1 2 |  2.2
Poison Magic   | 1 2 |  2.2
Throwing       | 3 |  3.8
Stealth        | 3 |  3.7
Spellcasting   | |  7.7
Hexes          | |  5.9

Action                   |  1- 3 |  4- 6 |  7- 9 || total
-------------------------+-------+-------+-------++-------
Melee: Dagger            |     2 |    13 |     7 ||    22
       Bite              |       |     2 |       ||     2
Throw: Dart              |     5 |    10 |       ||    15
 Cast: Foxfire           |    43 |   116 |    83 ||   242
       Pain              |    12 |     9 |     2 ||    23
       Inner Flame       |     1 |     5 |       ||     6
  Use: Scroll            |       |     6 |     2 ||     8
Armor: Robe              |     7 |    12 |     6 ||    25
Dodge: Dodged            |    18 |    26 |    27 ||    71

Table legend: (Time is in decaauts)
 A = Elapsed time spent in this place.
 B = Non-inter-level travel time spent in this place.
 C = Inter-level travel time spent in this place.
 D = Time resting spent in this place.
 E = Time spent auto-exploring this place.
 F = Levels seen in this place.
 G = Mean time per level.
                   A        B        C        D        E       F      G
               +--------+--------+--------+--------+--------+-----+--------+
         Total |   4918 |   4878 |     40 |   2213 |    698 |   4 | 1229.5 |
       Dungeon |   4918 |   4878 |     40 |   2213 |    698 |   4 | 1229.5 |
               +--------+--------+--------+--------+--------+-----+--------+

Top non-repeatable levels by time:
     D:3: 1748 daAuts
     D:2: 1408 daAuts
     D:4: 949 daAuts
     D:1: 811 daAuts
